Map: [ESL] Amphion

Players

Reynor - Winner!

  • Race: Zerg Zerg
  • League: Master
  • Spawn Location: 7:00

LiquidClem (Clem)

  • Race: Terran Terran
  • League: Grandmaster
  • Spawn Location: 11:00

Event: Bellum Gens Elite Stara Zagora 2024

VOD

Have the link to the VOD?

Description

Time

  • Played on: Sept. 8, 2024, 8:04 a.m.
  • Length: 11:57

All games in this series

Show
View Real Time Build Order
Export as new Build Order

Reynor Zerg - Winner!

Build Orders: Pool First 

Get SALT Encoding   

  12  0:00  Drone  
  13  0:12  Overlord  
  13  0:17  Drone  
  14  0:30  Drone  
  14  0:31  Drone  
  14  0:34  Drone  
  17  0:42  Extractor  
  16  0:45  Drone  
  17  0:50  Spawning Pool  
  17  0:56  Drone  
  17  1:06  Drone  
  18  1:20  Hatchery  
  18  1:24  Drone  
  18  1:37  Zergling x2  
  18  1:39  Queen  
  21  1:46  Metabolic Boost  
  21  1:53  Overlord  
  21  1:57  Zergling x2  
  22  2:12  Drone x2  
  24  2:15  Queen  
  26  2:24  Overlord  
  26  2:32  Queen  
  26  2:33  Zergling x2  
  26  2:36  Drone  
  30  2:43  Drone x2  
  32  2:46  Drone  
  32  2:49  Drone x2  
  35  2:58  Lair  
  35  3:01  Drone  
  36  3:06  Drone x2  
  38  3:14  Drone  
  39  3:20  Queen  
  39  3:23  Drone x3  
  39  3:24  Extractor  
  39  3:26  Drone  
  44  3:29  Extractor  
  44  3:30  Overlord  
  44  3:32  Drone  
  44  3:39  Overlord  
  44  3:48  Drone  
  44  3:49  Drone x4  
  44  3:50  Drone  
  50  3:57  Spire  
  50  4:00  Drone  
  50  4:01  Overlord  
  50  4:02  Drone  
  51  4:05  Drone  
  51  4:08  Drone  
  53  4:12  Overlord, Extractor  
  53  4:15  Drone  
  53  4:19  Drone x2  
  53  4:21  Overlord  
  55  4:25  Drone  
  56  4:33  Drone  
  56  4:34  Drone  
  56  4:38  Zergling x8  
  62  4:44  Overlord  
  62  4:50  Spore Crawler  
  62  4:52  Drone  
  62  4:55  Zergling x2  
  62  4:58  Overlord  
  63  5:09  Mutalisk x6  
  75  5:18  Hatchery  
  74  5:23  Mutalisk x2  
  78  5:30  Zergling x4  
  78  5:31  Zergling x2  
  78  5:35  Zergling x4  
  83  5:36  Zergling x2  
  83  5:39  Mutalisk  
  86  5:44  Zergling x2  
  86  5:46  Mutalisk  
  86  5:48  Zergling x2  
  90  5:52  Queen  
  90  5:55  Zergling x4  
  92  5:58  Overlord  
  83  6:04  Zergling x8  
  76  6:11  Mutalisk x2  
  76  6:16  Zergling x2  
  79  6:27  Zergling x2  
  73  6:39  Mutalisk  
  55  6:54  Zergling x4  
  55  6:57  Mutalisk  
  55  7:01  Mutalisk  
  59  7:08  Zergling x6  
  62  7:14  Overlord  
  62  7:19  Overlord  
  62  7:28  Overlord  
  53  7:37  Drone x4  
  54  7:44  Queen  
  54  7:45  Drone  
  57  7:54  Drone x2  
  57  7:56  Drone  
  60  8:05  Zergling x4  
  62  8:16  Zergling x4  
  62  8:17  Queen  
  66  8:23  Queen  
  66  8:25  Zergling x4  
  70  8:34  Overlord  
  70  8:35  Overlord  
  58  8:51  Mutalisk  
  58  8:52  Zergling x2  
  57  8:56  Queen  
  57  8:59  Queen  
  57  9:02  Zergling x8  
  65  9:09  Zergling x2, Extractor, Mutalisk  
  67  9:16  Drone  
  68  9:19  Zergling x2  
  68  9:20  Hatchery  
  68  9:26  Drone x2  
  68  9:28  Drone  
  68  9:29  Drone x2  
  73  9:33  Overlord  
  73  9:40  Drone x2  
  73  9:43  Overlord  
  75  9:47  Overlord  
  75  9:50  Evolution Chamber  
  74  9:59  Mutalisk  
  74  10:00  Zergling x4  
  74  10:05  Mutalisk  
  74  10:06  Zergling x2  
  81  10:12  Overlord  
  81  10:13  Drone x2  
  84  10:14  Drone  
  80  10:28  Drone x5  
  82  10:34  Overlord  
  85  10:35  Drone  
  85  10:40  Drone x3  
  85  10:41  Drone  
  89  10:44  Baneling Nest  
  89  10:45  Drone  
  89  10:47  Drone  
  89  10:48  Drone  
  91  10:50  Drone  
  92  10:59  Mutalisk  
  94  11:06  Zergling x10  
  94  11:08  Mutalisk  
  94  11:09  Zergling x4  
  94  11:11  Zergling x2  
  104  11:15  Zergling x4  
  104  11:18  Zergling x6  
  109  11:22  Zergling x4  
  111  11:26  Overlord  
  111  11:29  Zergling x2  
  99  11:44  Drone  
Show
View Real Time Build Order
Export as new Build Order

LiquidClem Terran 

Build Orders: Reaper Expand 

Get SALT Encoding   

  12  0:00  SCV  
  13  0:12  SCV  
  14  0:17  Supply Depot  
  14  0:24  SCV  
  15  0:39  SCV  
  15  0:40  Barracks  
  16  0:44  Refinery  
  16  0:51  SCV  
  17  1:03  SCV  
  18  1:15  SCV  
  19  1:27  Reaper  
  19  1:28  Orbital Command  
  20  1:41  Command Center  
  20  1:50  Supply Depot  
  20  1:53  SCV  
  21  1:59  Marine  
  22  2:05  SCV  
  23  2:14  Factory  
  23  2:17  SCV  
  23  2:20  Barracks Reactor  
  24  2:29  SCV  
  25  2:41  SCV  
  26  2:46  Command Center  
  26  2:53  Orbital Command  
  26  2:56  SCV  
  27  3:03  Hellion  
  29  3:07  Hellion  
  29  3:09  SCV  
  32  3:15  Barracks  
  32  3:18  Barracks Tech Lab  
  31  3:20  SCV  
  31  3:22  SCV  
  33  3:27  Refinery  
  33  3:30  Hellion  
  33  3:32  SCV  
  36  3:35  SCV  
  36  3:37  Hellion  
  36  3:39  Marine  
  40  3:42  Stimpack  
  40  3:46  SCV  
  40  3:47  SCV  
  42  3:57  Marine  
  42  3:58  Orbital Command, SCV  
  42  4:02  SCV  
  45  4:05  Starport  
  45  4:10  SCV, Factory Reactor  
  45  4:13  Marine x2  
  45  4:14  Marine  
  45  4:16  Supply Depot, SCV  
  50  4:22  SCV  
  51  4:25  SCV  
  51  4:28  SCV  
  51  4:31  Marine x2  
  53  4:32  Marine  
  53  4:34  SCV  
  53  4:37  SCV  
  58  4:40  Supply Depot, SCV  
  59  4:46  SCV  
  59  4:49  Marine x2, Armory, Medivac  
  59  4:50  Marine, Medivac  
  67  4:54  Barracks  
  67  4:57  SCV  
  67  4:58  SCV  
  69  5:02  Supply Depot, Hellion  
  69  5:06  Refinery  
  69  5:07  Marine  
  71  5:08  Orbital Command  
  71  5:09  SCV, Refinery  
  71  5:10  SCV, Marine  
  75  5:15  Marine, Engineering Bay  
  75  5:19  Engineering Bay  
  76  5:22  SCV  
  76  5:24  SCV, Marine  
  76  5:27  Combat Shield  
  79  5:32  Supply Depot, Factory Reactor  
  79  5:34  SCV, Marine  
  81  5:38  Supply Depot  
  81  5:39  SCV  
  82  5:43  Barracks Reactor  
  82  5:44  Supply Depot  
  82  5:45  Marine  
  82  5:46  Marine  
  84  5:51  SCV  
  84  5:53  Marine  
  86  5:58  Viking  
  86  6:03  Marine, Viking  
  86  6:04  Marine  
  87  6:11  Marine, Widow Mine  
  84  6:12  Widow Mine  
  77  6:20  Missile Turret  
  77  6:21  Marine  
  73  6:28  Marine, Medivac  
  73  6:32  Widow Mine  
  66  6:34  Medivac  
  66  6:39  Marine  
  62  6:44  Orbital Command, SCV  
  60  6:47  Marine  
  60  6:52  Marine  
  57  6:56  Widow Mine  
  57  7:01  Marine  
  56  7:03  Marine  
  56  7:06  Widow Mine  
  56  7:08  Marine  
  59  7:19  Marine x2, Widow Mine  
  59  7:21  Marine  
  64  7:26  Marine  
  64  7:28  Marine  
  56  7:39  Marine x2, Widow Mine  
  56  7:41  Marine  
  50  7:44  Marine  
  50  7:46  Marine  
  51  7:57  Marine x2  
  53  7:59  Marine  
  52  8:06  Orbital Command  
  52  8:07  Marine  
  52  8:10  Marine  
  52  8:14  Marine  
  52  8:15  Marine  
  52  8:16  SCV  
  52  8:17  Marine  
  52  8:19  SCV  
  57  8:25  Marine  
  58  8:28  SCV, Marine  
  58  8:31  SCV  
  58  8:32  Marine  
  58  8:33  Marine  
  63  8:34  SCV  
  63  8:35  Marine  
  63  8:40  SCV  
  63  8:41  Missile Turret  
  66  8:43  SCV  
  66  8:46  SCV  
  56  8:50  Marine  
  56  8:52  SCV  
  56  8:53  Marine  
  56  8:54  Marine  
  56  8:55  SCV  
  48  8:56  Marine  
  47  9:07  Marine  
  46  9:10  Marine  
  46  9:11  SCV, Marine x2  
  46  9:12  SCV  
  46  9:13  Marine  
  52  9:18  Orbital Command  
  52  9:22  Missile Turret  
  52  9:23  SCV  
  52  9:24  SCV, Marine  
  54  9:27  Marine  
  54  9:29  Marine  
  57  9:32  Marine  
  57  9:35  SCV  
  57  9:36  SCV, Marine  
  60  9:42  Marine  
  60  9:46  SCV  
  60  9:47  SCV  
  60  9:48  SCV  
  63  9:56  Marine  
  63  9:58  SCV  
  63  9:59  SCV  
  64  10:00  SCV  
  64  10:01  Medivac  
  64  10:06  Marine  
  65  10:10  SCV  
  65  10:11  SCV  
  65  10:12  SCV  
  68  10:15  Medivac  
  68  10:18  Marine  
  71  10:22  SCV, Marine  
  71  10:25  Marine x3  
  71  10:26  SCV x2  
  75  10:34  SCV  
  73  10:36  Marine  
  73  10:38  SCV x2  
  73  10:41  Marine  
  75  10:43  Marine  
  75  10:47  Marine  
  75  10:48  Marine  
  77  10:50  SCV  
  77  10:53  Marine  
  77  10:56  Barracks  
  78  10:57  Barracks  
  78  11:00  SCV  
  78  11:03  Medivac  
  78  11:08  Marine x2  
  80  11:13  SCV x2  
  80  11:16  Marine, Widow Mine  
  80  11:18  Marine  
  85  11:25  Marine  
  85  11:26  Marine  
  85  11:34  Marine  
  85  11:35  Marine  
  85  11:36  SCV  
  85  11:39  SCV  
  78  11:40  SCV  
Tags
 
Add a new tag
Caveats
  • Supply blocks, unpowered buildings, or Contaminate may cause inaccurate times.
  • Supply counts are checked every 10 seconds.